orchack, chaotic male orcish Caveman ----------- d..........| |.......... W |.........| |......of..# -------.---# W W ### # # ### W ##### # W W W -.-.------# ### W---........|# d W |.........<.|# ### # W |.....(......################### |...........| ###-----.--- W ----.[......| ##.......{| ---------- #|.......| #........| --------- W orchack the Young Cave Man Experience level: 9 Strength: 18/21 Dexterity: 12 Constitution: 18 Intelligence: 10 Wisdom: 9 Charisma: 8 Health: 0(77) Energy: 35(35) Def: 15 Gold: 88 Moves: 8441 Dungeon seed: jN3HfFXjRx4UBnKr Game ID: orchack_1464967090 Your Inventory: Coins $ - 88 gold pieces Weapons t - an uncursed +0 dwarvish spear named Pokey (weapon in hand) D - 75 uncursed +0 darts (in quiver) Armor e - an uncursed +0 pair of speed boots (being worn) q - an uncursed +0 dwarvish iron helm (being worn) r - an uncursed +0 pair of levitation boots y - an uncursed rusty +4 dwarvish roundshield (being worn) G - an uncursed +1 dwarvish mithril-coat (being worn) Y - an uncursed burnt +0 dwarvish cloak (being worn) Comestibles a - an uncursed tripe ration c - an uncursed food ration f - 3 uncursed eucalyptus leaves A - 3 uncursed sprigs of wolfsbane H - an uncursed candy bar I - an uncursed fortune cookie O - 2 uncursed eggs X - 2 uncursed cherries Wands o - an uncursed wand of cancellation (0:3) R - an uncursed wand of make invisible (0:7) Tools k - an uncursed lock pick s - an uncursed +0 unicorn horn B - an uncursed bag of holding P - an uncursed towel (being worn) Gems n - an uncursed fluorite stone Contents of the bag of holding: 1758 gold pieces 2 uncursed +0 dwarvish spears 12 uncursed food rations an uncursed potion of extra healing an uncursed ring of cold resistance an uncursed wand of digging (0:3) an uncursed wand of lightning (0:3) an uncursed wand of magic missile (0:5) an uncursed magic marker (0:43) Spells and supernatural/magical abilities: Name Level Category Fail Memory W - pray for help -- divine ? -- Your skills at the end: Miscellaneous Skills bare handed combat [Basic] shield [Basic] Weapon Skills scimitar [Basic] club [Basic] spear [Skilled] sling [Basic] Spellcasting Skills Final Attributes: You were piously aligned. You were poison resistant. You were telepathic. You had infravision. You were very fast. You are dead. Vanquished creatures: 2 giant mimics a giant zombie a small mimic an island nymph a pyrolisk a flaming sphere a shocking sphere a chameleon a giant an incubus 6 wolves 2 panthers 3 gnome kings a gold golem 2 dogs a jaguar a white unicorn a raven a snake 2 human zombies 2 rope golems 3 fire ants 4 bugbears a wood nymph 2 Mordor orcs 5 rock moles 3 rock piercers a pony 2 fog clouds a yellow light a shrieker 3 violet fungi 8 gnome lords a gnomish wizard 2 kobold mummies a black naga hatchling 2 gray oozes 4 elf zombies 2 paper golems a giant ant a little dog 3 floating eyes 13 dwarves a kobold lord 2 kobold shamans 4 iguanas 6 hill orcs a rothe a giant bat a monkey 2 wererats a werejackal 2 coyotes a gas spore 4 hobbits 4 geckos 5 hobgoblins 3 cave spiders a brown mold 3 red molds 34 gnomes 15 manes 3 gnome zombies 14 jackals 2 foxes 4 kobolds 7 newts 2 goblins 4 sewer rats 6 grid bugs 3 bats 2 lichens a kobold zombie 236 creatures vanquished. Voluntary challenges: You used a wielded weapon 367 times, starting on turn 59. You did not apply a unicorn horn. You were illiterate. You never genocided any monsters. You never polymorphed an object. You never changed form. You used no wishes. You never split a pudding. You never wrote Elbereth's name. You never violated your personal moral code. Dungeon overview: The Dungeons of Doom: levels 1 to 12 Level 1 a long staircase Level 2 stairs to The Gnomish Mines Level 3 an armor shop Level 4 Level 5 a general store Level 6 a fountain Level 7 a fountain, a throne Level 8 a fountain, a sink Level 9 many fountains Level 10 stairs to Sokoban Level 11 Level 12 <- You were here a fountain The Gnomish Mines: levels 3 to 6 Level 3 stairs to The Dungeons of Doom Level 4 Level 5 Level 6 many shops, a temple to Ishtar, a magic chest, some fountains, some trees Sokoban: levels 6 to 9 Level 6 a magic chest Level 7 Level 8 Level 9 a magic chest stairs to The Dungeons of Doom History has recorded: On T:1 you entered the Dungeons of Doom to retrieve the Amulet of Yendor! On T:189 you reached level 2 of The Dungeons of Doom. On T:274 you advanced to experience level 2. On T:364 you reached level 3 of The Dungeons of Doom. On T:438 you reached level 1 of The Gnomish Mines. On T:608 you advanced to experience level 3. On T:906 you advanced to experience level 4. On T:1257 you reached level 2 of The Gnomish Mines. On T:1269 you advanced to experience level 5. On T:1456 you reached level 3 of The Gnomish Mines. On T:1691 you advanced to experience level 6. On T:3165 you reached level 4 of The Gnomish Mines. On T:3231 you advanced to experience level 7. On T:3309 you entered the Minetown temple On T:3321 you opened a magic chest. On T:3327 you opened a magic chest. On T:3344 you opened a magic chest. On T:3585 you opened a magic chest. On T:3950 you opened a magic chest. On T:3951 you opened a magic chest. On T:3951 you opened a magic chest. On T:3955 you opened a magic chest. On T:3991 you opened a magic chest. On T:3994 you opened a magic chest. On T:3997 you opened a magic chest. On T:3999 you opened a magic chest. On T:4018 you opened a magic chest. On T:4101 you opened a magic chest. On T:4511 you reached level 4 of The Dungeons of Doom. On T:4850 you reached level 5 of The Dungeons of Doom. On T:4914 you reached level 6 of The Dungeons of Doom. On T:5323 you reached level 7 of The Dungeons of Doom. On T:5582 you reached level 8 of The Dungeons of Doom. On T:5702 you advanced to experience level 8. On T:5999 you reached level 9 of The Dungeons of Doom. On T:6149 you reached level 10 of The Dungeons of Doom. On T:6482 you reached level 4 of Sokoban. On T:6503 you opened a magic chest. On T:6543 you opened a magic chest. On T:6681 you reached level 3 of Sokoban. On T:7010 you reached level 2 of Sokoban. On T:7298 you reached level 1 of Sokoban. On T:7831 you opened a magic chest. On T:7831 you opened a magic chest. On T:7834 you opened a magic chest. On T:7900 you advanced to experience level 9. On T:8070 you reached level 11 of The Dungeons of Doom. On T:8115 you reached level 12 of The Dungeons of Doom. Score breakdown: Gold: 1846 ( 184 points) Experience: 9 levels ( 800 points) Exploration: 12 levels ( 330 points) Discoveries: 15 items ( 750 points) Variety of kills: 73 monsters ( 2000 points) Major goal: reached Minetown ( 500 points) Survival: died (score multiplied by 3) Total score: 13692 Latest messages: You jab the invisible island nymph. You hear a nearby zap. The magic missile hits you! (2x) You hear the howling of the CwnAnnwn... The magic missile hits the invisible island nymph! You hear a blast. Final status: Goodbye orchack the Caveman, killed by a magical blast... You died in The Dungeons of Doom on dungeon level 12 with 13692 points, and 1846 pieces of gold, after 8441 moves. You were level 9 with a maximum of 77 hit points when you died.